 Dungeon Crawl Stone Soup version 0.29-a0-284-gf9362112df (webtiles) character file.

Game seed: 14286330032797626460

368 siradein the Bolt Thrower (level 6, -8/53 HPs)
             Began as a Draconian Hunter on Mar 17, 2022.
             Was an Initiate of Ashenzari.
             Shot with an arrow by a centaur (11 damage)
             ... on level 6 of the Dungeon.
             The game lasted 00:08:18 (3578 turns).

siradein the Bolt Thrower (Draconian Hunter)        Turns: 3578, Time: 00:08:19

Health: -8/53      AC:  6    Str: 14    XL:     6   Next: 41%
Magic:  6/6        EV: 13    Int: 11    God:    Ashenzari [......]
Gold:   193        SH:  3    Dex: 14    Spells: 5/5 levels left

rFire   + . .      SeeInvis .   a - +1 hand crossbow
rCold   . . .      Faith    .   o - +0 buckler "Behold Eternity" {Comp, Bglg} (curse)
rNeg    . . .      Spirit   .   (body armour unavailable)
rPois   .          Reflect  .   (helmet restricted)
rElec   .          Harm     .   (no cloak)
rCorr   .          Rampage  .   (no gloves)
Will    .....                   (no boots)
Stlth   ++........              (no amulet)
HPRegen 0.17/turn               e - ring of protection from fire
MPRegen 0.10/turn               (no ring)

@: no status effects
A: AC +6, unfitting armour, cold-blooded
a: Renounce Religion, Shatter the Chains


You were on level 6 of the Dungeon.
You worshipped Ashenzari.
Ashenzari was noncommittal.
You visited 1 branch of the dungeon, and saw 5 of its levels.

You collected 193 gold pieces.

Inventory:

Hand Weapons
 a - a +1 hand crossbow (weapon)
 b - a +2 short sword of freezing
Armour
 o - the cursed +0 buckler "Behold Eternity" (worn) {Comp, Bglg}
   (You found it on level 4 of the Dungeon)

   It has a curse which improves the following skills: Companions: Summonings
   and Necromancy.
   Beguiling: Conjurations, Hexes and Translocations.
Jewellery
 e - a ring of protection from fire (left hand)
Scrolls
 c - 3 scrolls of identify {unknown}
 d - 2 scrolls of enchant weapon {unknown}
 f - 2 scrolls of amnesia {unknown}
 g - 2 scrolls of teleportation {unknown}
 i - 2 scrolls of blinking {unknown}
 k - 2 scrolls of immolation
Potions
 h - a potion of might {unknown}
 j - 2 potions of brilliance {unknown}
 l - a potion of heal wounds {unknown}
 m - a potion of lignification {unknown}
 n - 2 potions of haste {unknown}


   Skills:
 + Level 4.6 Fighting
 + Level 5.0 Crossbows
 + Level 3.8 Dodging
 - Level 0.8 Stealth


You had 5 spell levels left.
You didn't know any spells.
Your spell library was empty.

Dungeon Overview and Level Annotations

Branches:
Dungeon (4/15)
 Temple: D:4-7

Altars:
Ashenzari
Cheibriados

Shops:
D:1 !


Innate Abilities, Weirdness & Mutations

Your plain brown scales are hard. (AC +6)
You cannot fit into any form of body armour.
You are cold-blooded and may be slowed by cold attacks.


Message History

You shoot a bolt. The bolt hits the bullfrog.
The bullfrog is heavily wounded.
The bullfrog closely misses you.
A gnoll comes into view. It is wielding a +0 spear.
The bullfrog snags a nearby moth with its tongue.
The bullfrog completely misses you.
You shoot a bolt. The bolt barely misses the bullfrog.
The bullfrog hits you. The bullfrog misses you.
You shoot a bolt. The bolt hits the bullfrog!
The bullfrog is almost dead.
The bullfrog hits you. The bullfrog closely misses you.
You shoot a bolt. The bolt hits the bullfrog!
You kill the bullfrog!
The gnoll barely misses you.
Your Crossbows skill increases to level 5!
The gnoll attacks as you move away! The gnoll hits you with a +0 flail!
The gnoll attacks as you move away! The gnoll barely misses you.
The gnoll attacks as you move away! The gnoll hits you with a +0 flail.
Found a leather armour.
Found a stone staircase leading down.
The gnoll attacks as you move away! The gnoll hits you with a +0 flail.
The gnoll hits you but does no damage. The gnoll attacks as you move away!
You block the gnoll's attack.
A centaur comes into view.
The centaur wields a +0 shortbow.
The centaur shoots an arrow.
The arrow barely misses you.
The arrow closely misses the gnoll.
There is a stone staircase leading down here.
The gnoll attacks as you move away! The gnoll hits you but does no damage.
Found a robe.
The centaur shoots an arrow.
The arrow hits you.
The centaur shoots an arrow.
The arrow hits you!
The centaur shoots an arrow.
The arrow hits you. The gnoll attacks as you move away!
The gnoll hits you with a +0 flail.
* * * LOW HITPOINT WARNING * * *
The centaur shoots an arrow.
You block the arrow.
The centaur shoots an arrow.
The arrow misses you.
The centaur shoots an arrow.
The arrow hits you.
* * * LOW HITPOINT WARNING * * *
The centaur shoots an arrow.
The arrow hits you!
* * * LOW HITPOINT WARNING * * *
The centaur shoots an arrow.
The arrow hits you!
You die...

..# ..# ...... .#
..........## #. .#
#..........###.. #
#.............. ##
#...........# .#
#..........# .#
#.........# .##
###...c..@# #.##
###......gg.#
...###....####..##
....>...### ####
####......#
#.......#
#........#
#......c...#
#...........


You could see a centaur and 2 gnolls.

Vanquished Creatures
  A bullfrog (D:6)
  A scorpion (D:4)
  A hound (D:4)
  Jessica (D:2)
  Terence (D:3)
  8 adders
  An ufetubus (D:4)
  A worm (D:3)
  2 dart slugs
  5 orcs
  5 endoplasms
  3 giant cockroaches
  10 goblins
  8 hobgoblins
  7 jackals
  9 kobolds
  3 quokkas (D:1)
  5 ball pythons
  A bat (D:2)
  4 frilled lizards
  6 rats
83 creatures vanquished.

Vanquished Creatures (others)
  12 plants (D:1)
12 creatures vanquished.

Grand Total: 95 creatures vanquished

Notes
Turn   | Place    | Note
-------+----------+-------------------------------------------
     0 | D:1      | siradein the Draconian Hunter began the quest for the Orb.
     0 | D:1      | Reached XP level 1. HP: 17/17 MP: 1/1
    35 | D:1      | Found Vane's Distillery.
   119 | D:1      | Reached XP level 2. HP: 25/25 MP: 2/2
   911 | D:2      | Reached XP level 3. HP: 30/30 MP: 3/3
  1015 | D:2      | Reached skill level 4 in Crossbows
  1209 | D:2      | Noticed Jessica
  1217 | D:2      | Killed Jessica
  1218 | D:2      | Reached XP level 4. HP: 38/38 MP: 4/4
  1813 | D:3      | Found a faded altar of an unknown god.
  2156 | D:3      | Noticed Terence
  2175 | D:3      | Killed Terence
  2176 | D:3      | Reached XP level 5. HP: 23/46 MP: 5/5
  2770 | D:4      | Found a broken altar of Ashenzari.
  2788 | D:4      | Became a worshipper of Ashenzari the Shackled
  3219 | D:4      | Reached XP level 6. HP: 52/53 MP: 6/6
  3481 | D:4      | Found a snail-covered altar of Cheibriados.
  3548 | D:4      | You fall into a shaft and drop 2 floors!
  3556 | D:6      | Reached skill level 5 in Crossbows
  3578 | D:6      | Shot with an arrow by a centaur

Illustrated notes

Levels and vault maps discovered:
D:1:      evilmike_arrival_grusome_pit, layout_rooms, serial_shops, shop,
          dreamdust_princess_bridge, serial_bayou_lagoon_a
D:2:      layout_loops_corners, uniq_jessica
D:3:      layout_basic, basic_ecumenical_altar, hex_intersection,
          hangedman_feature_mirror, uniq_terence
D:4:      layout_loops_ring, cheibriados_altar_1, lemuel_round_altar,
          minmay_goblin_outpost
D:6:      layout_cave_pods, old_standard_altar, lemuel_tele_altar,
          uniq_crazy_yiuf_cottage

Skill      XL: |  1  2  3  4  5  6 |
---------------+-------------------+-----
Dodging        | 2 3 |  3.8
Crossbows      | 4 5 |  5.0
Fighting       | 3 4 |  4.6
Stealth        | |  0.8

Action                   |  1- 3 |  4- 6 || total
-------------------------+-------+-------++-------
Melee: Short sword       |       |    13 ||    13
       Tailslap          |       |     3 ||     3
       Punch             |       |     1 ||     1
 Fire: Hand crossbow     |    92 |   189 ||   281
Invok: Curse Item        |       |     1 ||     1
Armor: Skin              |     6 |    36 ||    42
Dodge: Dodged            |    37 |    91 ||   128
Block: Buckler           |       |     4 ||     4

Table legend: (Time is in decaauts)
 A = Elapsed time spent in this place.
 B = Non-inter-level travel time spent in this place.
 C = Inter-level travel time spent in this place.
 D = Time resting spent in this place.
 E = Time spent auto-exploring this place.
 F = Levels seen in this place.
 G = Mean time per level.
                   A        B        C        D        E       F      G
               +--------+--------+--------+--------+--------+-----+--------+
         Total |   3668 |   3545 |    123 |    104 |   2843 |   5 |  733.6 |
       Dungeon |   3668 |   3545 |    123 |    104 |   2843 |   5 |  733.6 |
               +--------+--------+--------+--------+--------+-----+--------+

Top non-repeatable levels by time:
     D:3: 1166 daAuts
     D:2: 931 daAuts
     D:4: 799 daAuts
     D:1: 739 daAuts
     D:6: 32 daAuts
